 Dungeon Crawl Stone Soup version 0.29-a0-819-g94b489e0ae (webtiles) character file.

Game seed: 2025225467523000365

1161 Araneus the Purveyor of Pain (level 8, 0/57 HPs)
             Began as a Black Draconian Necromancer on June 23, 2022.
             Was an Initiate of Kikubaaqudgha.
             Slain by a water moccasin (1 damage)
             ... on level 6 of the Dungeon on July 7, 2022.
             The game lasted 00:37:29 (6364 turns).

Araneus the Purveyor of Pain (DrNe)                 Turns: 6364, Time: 00:37:30

Health: 0/57       AC: 12    Str:  9    XL:     8   Next: 16%
Magic:  15/15      EV: 12    Int: 18    God:    Kikubaaqudgha [......]
Gold:   248        SH:  0    Dex: 11    Spells: 12/17 levels left

rFire   . . .      SeeInvis .   q - staff of air
rCold   + + .      Faith    .   (no shield)
rNeg    . . .      Spirit   .   (body armour unavailable)
rPois   .          Reflect  .   (helmet restricted)
rElec   +          Harm     .   e - +2 cloak
rCorr   .          Rampage  .   g - +1 pair of gloves
Will    .....                   w - +0 pair of boots
Stlth   ++........              d - amulet of magic regeneration
HPRegen 0.19/turn               f - ring of protection from cold
MPRegen 0.54/turn               i - ring of protection from cold

@: lethally poisoned (0 -> -4), flying
A: breathe lightning, AC +6, unfitting armour, electricity resistance,
cold-blooded, big wings, weak 1
a: Breathe Lightning, Renounce Religion


You were on level 6 of the Dungeon.
You worshipped Kikubaaqudgha.
Kikubaaqudgha was noncommittal.
You visited 2 branches of the dungeon, and saw 7 of its levels.

You collected 248 gold pieces.

Inventory:

Missiles
 j - 2 throwing nets
Armour
 e - a +2 cloak (worn)
 g - a +1 pair of gloves (worn)
 w - a +0 pair of boots (worn)
Magical Staves
 q - a staff of air (weapon)
Jewellery
 d - an amulet of magic regeneration (around neck)
 f - a ring of protection from cold (left hand)
 i - a ring of protection from cold (right hand)
Wands
 m - a wand of flame (15)
Scrolls
 b - a scroll of identify
 c - 2 scrolls of teleportation
 h - a scroll of summoning {unknown}
 k - a scroll of enchant armour {unknown}
 l - 2 scrolls of fear
 o - a scroll of vulnerability
 t - a scroll of poison {unknown}
 u - a scroll of noise {unknown}
 x - a scroll of immolation {unknown}
Potions
 a - a potion of berserk rage
 n - a potion of attraction {unknown}
 p - a potion of heal wounds
 r - a potion of lignification {unknown}
 s - 2 potions of resistance {unknown}
 v - a potion of degeneration {unknown}


   Skills:
 * Level 3.2 Staves
 - Level 1.7 Dodging
 - Level 1.7 Stealth
 - Level 5.0 Spellcasting
 * Level 8.3 Necromancy
 * Level 2.2 Air Magic


You had 12 spell levels left.
You knew the following spells:

 Your Spells              Type           Power      Damage    Failure   Level
a - Necrotise             Necr           100%       1d9       1%          1
b - Animate Dead          Necr           34%        N/A       4%          4

Your spell library contained the following spells:

 Spells                   Type           Power      Damage    Failure   Level
 Vampiric Draining        Necr           34%        2d8       1%          3
 Agony                    Necr           34%        N/A       12%         5
 Summon Small Mammal      Summ           16%        N/A       13%         1
 Mephitic Cloud           Conj/Pois/Air  10%        N/A       28%         3
 Call Canine Familiar     Summ           4%         N/A       36%         3
 Ignite Poison            Fire/Tmut/Pois 4%         N/A       36%         3
 Summon Guardian Golem    Hex/Summ       4%         N/A       36%         3
 Freezing Cloud           Conj/Ice/Air   5%         6-21      95%         5


Dungeon Overview and Level Annotations

Branches:
Dungeon (6/15)             Temple (1/1) D:6

Altars:
Ashenzari
Dithmenos
Gozag
Kikubaaqudgha
Makhleb
Nemelex Xobeh
The Shining One


Innate Abilities, Weirdness & Mutations

You can breathe wild blasts of lightning.
Your glossy black scales are hard. (AC +6)
You cannot fit into any form of body armour.
You are resistant to electric shocks. (rElec)
You are cold-blooded and may be slowed by cold attacks.
Your large and strong wings let you fly.
You are weak. (Str -2)


Message History

The orc hits your orc zombie with a +0 short sword.
Your orc zombie is destroyed!
Items here: ( ))) [ †.
You feel very sick.
Casting: Necrotise (safe; 1% risk of failure)
Confirm with . or Enter, or press ? or * to list all spells.
Aiming: Necrotise (safe; 1% risk of failure)
Press: ? - help, Shift-Dir - straight line, f/p - orc
Aim: an orc, wielding a +0 short sword and wearing a +0 ring mail (almost dead, chance to affect: 93%)
The water moccasin writhes in agony.
You feel very sick.
The water moccasin bites you but does no damage.
Casting: Necrotise (safe; 1% risk of failure)
Confirm with . or Enter, or press ? or * to list all spells.
Aiming: Necrotise (safe; 1% risk of failure)
Press: ? - help, Shift-Dir - straight line, f/p - orc
Aim: an orc, wielding a +0 short sword and wearing a +0 ring mail (almost dead, chance to affect: 93%)
The water moccasin writhes in agony.
You feel very sick. The water moccasin bites you.
* * * LOW HITPOINT WARNING * * *
The orc misses you.
The water moccasin bites you but does no damage.
Okay, then.
The water moccasin attacks as you move away!
The water moccasin barely misses you.
You feel very sick.
You feel sick.
The water moccasin attacks as you move away!
The water moccasin bites you.
* * * LOW HITPOINT WARNING * * *
x2 You feel sick.
The water moccasin bites you.
* * * LOW HITPOINT WARNING * * *
You see here a potion of heal wounds.
Unknown command.
p - a potion of heal wounds
* * * LOW HITPOINT WARNING * * *
You feel sick. The water moccasin bites you.
You die...
Kikubaaqudgha rasps: "You have failed me!
Welcome... death!"

#.# # ##.#.# #.
...#.# ...
##.##..#.# ...
......... ... .
.....#.# #.####..
#...#.# ##.#... #
#...#@# ....
#.#.#...#S####)#
#.........o.oo.#
#.####..#.######.
#...........
.####...........
........#######.#
#
######..#........
.#
#....#######..#


You could see a water moccasin and an orc.

Vanquished Creatures
  A sky beast (D:6)
  A black bear (D:5)
  A centaur (D:6)
  A phantom (D:4)
  3 scorpions
  4 hounds
  An orc priest (D:5)
  A gnoll bouda (D:5)
  Jessica (D:3)
  3 orc wizards
  3 iguanas
  Robin (D:3)
  10 gnolls
  2 adders (D:2)
  An ufetubus (D:6)
  2 worms
  16 orcs
  2 endoplasms
  11 goblins
  15 hobgoblins
  4 jackals (D:1)
  3 quokkas
  9 ball pythons
  5 bats
  A frilled lizard (D:2)
  7 kobolds
  3 rats
112 creatures vanquished.

Vanquished Creatures (collateral kills)
  A jelly (D:4)
  A gnoll (D:5)
  An ufetubus (D:5)
  An orc (D:3)
  A goblin (D:3)
  A hobgoblin (D:4)
6 creatures vanquished.

Vanquished Creatures (others)
  A centaur zombie (D:6)
  A gnoll zombie (D:5)
  A worm zombie (D:5)
  3 orc zombies
6 creatures vanquished.

Grand Total: 124 creatures vanquished

Notes
Turn   | Place    | Note
-------+----------+-------------------------------------------
     0 | D:1      | Araneus the Draconian Necromancer began the quest for the
                  | Orb.
     0 | D:1      | Reached XP level 1. HP: 14/14 MP: 3/3
   202 | D:1      | Reached XP level 2. HP: 7/20 MP: 0/5
   581 | D:1      | Found a faded altar of an unknown god.
  1225 | D:2      | Reached skill level 5 in Necromancy
  1225 | D:2      | Reached XP level 3. HP: 26/26 MP: 1/6
  2101 | D:2      | Found an opulent altar of Gozag.
  2151 | D:2      | Reached XP level 4. HP: 18/33 MP: 4/7
  2414 | D:3      | Noticed Jessica
  2425 | D:3      | Killed Jessica
  2511 | D:3      | Reached XP level 5. HP: 38/38 MP: 4/9
  2516 | D:3      | Learned a level 4 spell: Animate Dead
  2699 | D:3      | Noticed Robin
  2723 | D:3      | Reached skill level 6 in Necromancy
  2765 | D:3      | Killed Robin
  4030 | D:4      | Reached XP level 6. HP: 45/45 MP: 8/11
  4296 | D:4      | Reached skill level 1 in Staves
  4539 | D:5      | Entered Level 5 of the Dungeon
  4581 | D:4      | Gained mutation: You are weak. (Str -2) [potion of
                  | mutation]
  4581 | D:4      | Gained mutation: Your large and strong wings let you fly.
                  | [potion of mutation]
  4669 | D:5      | Reached skill level 7 in Necromancy
  4670 | D:5      | Your scales start taking on a glossy black colour.
  4670 | D:5      | Reached XP level 7. HP: 5/50 MP: 9/13
  4670 | D:5      | Gained mutation: You are resistant to electric shocks.
                  | (rElec) [Black Draconian growth]
  4671 | D:5      | Upgraded the game from 0.29-a0-666-g26d293caef to
                  | 0.29-a0-819-g94b489e0ae
  5318 | D:5      | Reached skill level 1 in Air Magic
  5891 | D:6      | Reached skill level 8 in Necromancy
  5895 | D:6      | Reached XP level 8. HP: 57/57 MP: 10/15
  5913 | D:6      | Found a staircase to the Ecumenical Temple.
  5944 | Temple   | Entered the Ecumenical Temple
  5949 | Temple   | Became a worshipper of Kikubaaqudgha
  6021 | D:6      | Reached skill level 5 in Spellcasting
  6363 | D:6      | HP: 2/57 [water moccasin (4)]
  6364 | D:6      | Slain by a water moccasin

Illustrated notes

Levels and vault maps discovered:
D:1:      co_arrival_square_in_a_square_in_a_square, layout_basic,
          ebering_ecumenical_altar_mist, minmay_misc_feat_rugged, nrook_campfire
D:2:      layout_basic, basic_altar, kennysheep_generic_room_16
D:3:      layout_rooms, serial_co_window_serial, co_window_of_opportunity_a,
          co_window_paths_b, co_window_corner_a, co_window_paths_a,
          co_window_corner_a, co_window_cross_2, co_window_2corner,
          co_window_paths_c, co_window_2corner, co_window_of_opportunity_c,
          co_window_of_opportunity_b, co_window_cross_4, co_window_paths_e,
          glass_columns_a, glass_columns_a, glass_columns_c, glass_columns_a,
          glass_columns_a, uniq_jessica, uniq_robin
D:4:      kennysheep_spiral_hall, layout_cave_pools
D:5:      layout_rooms, serial_glass, glass_columns_b, glass_columns_a
D:6:      layout_basic, gammafunk_temple_overflow_pools,
          minmay_temple_entry_water_ring
Temple:   compressed_dpeg_triangle_lava_temple

Skill      XL: |  1  2  3  4  5  6  7  8 |
---------------+-------------------------+-----
Necromancy     | 5 6 7 8 |  8.3
Spellcasting   | 3 4 5 |  5.0
Staves         | 2 3 |  3.2
Air Magic      | 1 2 |  2.2
Dodging        | |  1.7
Stealth        | |  1.7

Action                   |  1- 3 |  4- 6 |  7- 9 || total
-------------------------+-------+-------+-------++-------
Melee: Short sword       |    20 |       |       ||    20
       Spear             |    27 |       |       ||    27
       Staff             |    26 |   198 |    61 ||   285
       Tailslap          |     6 |    22 |     6 ||    34
       Punch             |       |     3 |     1 ||     4
 Cast: Necrotise         |    39 |    79 |    76 ||   194
       Animate Dead      |       |     6 |     5 ||    11
 Abil: Breathe Lightning |       |       |     2 ||     2
  Use: Potion            |     1 |     7 |       ||     8
       Scroll            |       |     6 |       ||     6
 Stab: Sleeping          |     2 |       |       ||     2
Armor: Skin              |    33 |   129 |   103 ||   265
Dodge: Dodged            |    75 |   188 |   116 ||   379

Table legend: (Time is in decaauts)
 A = Elapsed time spent in this place.
 B = Non-inter-level travel time spent in this place.
 C = Inter-level travel time spent in this place.
 D = Time resting spent in this place.
 E = Time spent auto-exploring this place.
 F = Levels seen in this place.
 G = Mean time per level.
                   A        B        C        D        E       F      G
               +--------+--------+--------+--------+--------+-----+--------+
         Total |   6410 |   6231 |    179 |    794 |   4150 |   7 |  915.7 |
       Dungeon |   6399 |   6220 |    179 |    794 |   4150 |   6 | 1066.5 |
        Temple |     10 |     10 |      0 |      0 |      0 |   1 |   10.0 |
               +--------+--------+--------+--------+--------+-----+--------+

Top non-repeatable levels by time:
     D:3: 1501 daAuts
     D:2: 1184 daAuts
     D:1: 1182 daAuts
     D:5: 1180 daAuts
     D:4: 784 daAuts
     D:6: 565 daAuts
  Temple: 10 daAuts
